 Dungeon Crawl Stone Soup version 0.22.0-60-ga52c2fc (webtiles) character file.

4522 shmeve the Sneak (level 10, -1/77 HPs)
             Began as a Vampire Berserker on Sept 10, 2018.
             Was an Elder of Trog.
             Slain by a troll (5 damage)
             ... on level 9 of the Dungeon.
             The game lasted 00:17:23 (6972 turns).

shmeve the Sneak (Vampire Berserker)                Turns: 6972, Time: 00:17:24

Health: -1/77      AC: 12    Str: 19    XL:     10   Next: 17%
Magic:  10/10      EV: 14    Int: 10    God:    Trog [****..]
Gold:   504        SH:  6    Dex: 14    Spells: 9/9 levels left

rFire    . . .     SeeInvis +   q - +0 war axe
rCold    . . .     Gourm    .   e - +0 buckler
rNeg     . . .     Faith    .   h - +0 ring mail
rPois    .         Spirit   .   i - +0 helmet
rElec    +         Reflect  .   E - +0 cloak
rCorr    .         Harm     .   c - +2 pair of gloves of the Poles {*Contam +Blink rElec Stlth+}
MR       +....                  o - +0 pair of boots
Stlth    +++++.....             (no amulet)
HPRegen  0.42/turn              y - ring of stealth
MPRegen  0.12/turn              (no ring)

@: regenerating quickly
A: fangs 3, see invisible, unbreathing
a: Berserk, Trog's Hand, Brothers in Arms, Renounce Religion, Evoke Blink


You were on level 9 of the Dungeon.
You worshipped Trog.
Trog was greatly pleased with you.
You were very full.

You visited 2 branches of the dungeon, and saw 10 of its levels.

You collected 504 gold pieces.

Inventory:

Hand Weapons
 q - a +0 war axe (weapon)
Armour
 c - the +2 pair of gloves of the Poles (worn) {*Contam +Blink rElec Stlth+}
   (You found it on level 6 of the Dungeon)

   It insulates you from electricity.
   It lets you blink.
   It causes magical contamination when unequipped.
   It makes you more stealthy.
 e - a +0 buckler (worn)
 h - a +0 ring mail (worn)
 i - a +0 helmet (worn)
 o - a +0 pair of boots (worn)
 E - a +0 cloak (worn)
Jewellery
 y - a ring of stealth (left hand)
Wands
 f - a wand of flame (13)
 x - a wand of polymorph (10)
 B - a wand of digging (29)
Scrolls
 b - 3 scrolls of teleportation {unknown}
 d - 8 scrolls of remove curse
 j - 2 scrolls of magic mapping {unknown}
 l - 2 scrolls of fog {unknown}
 r - 3 scrolls of amnesia {unknown}
 s - a scroll of blinking {unknown}
 u - a scroll of noise {unknown}
 v - 2 scrolls of enchant weapon {unknown}
 A - a scroll of identify
 F - a scroll of enchant armour {unknown}
Potions
 a - a potion of brilliance {unknown}
 g - 6 potions of curing
 k - 2 potions of might {unknown}
 m - 3 potions of heal wounds
 n - 2 potions of flight
 p - a potion of cancellation {unknown}
 t - a potion of invisibility {unknown}
 w - a potion of mutation {unknown}
 z - a potion of agility {unknown}
 C - a potion of ambrosia {unknown}
 D - 8 potions of blood


   Skills:
 * Level 6.9 Fighting
 * Level 6.8 Axes
 + Level 4.3 Armour
 + Level 5.8 Dodging
 + Level 7.3 Stealth
 * Level 6.8 Shields


You had 9 spell levels left.
You didn't know any spells.
Your spell library was empty.

Dungeon Overview and Level Annotations

Branches:
Dungeon (9/15)             Temple (1/1) D:5             Orc (0/2) D:9
   Lair: D:8-11

Altars:
Ashenzari
Cheibriados
Dithmenos
Elyvilon
Fedhas
Gozag
Hepliaklqana
Kikubaaqudgha
Makhleb
Nemelex Xobeh
Okawaru
Qazlal
Ru
Sif Muna
Trog
Uskayaw
Vehumet
Wu Jian
Xom
Yredelemnul
Zin
The Shining One


Innate Abilities, Weirdness & Mutations

Your natural rate of healing is unusually fast.
You have razor-sharp teeth.
You have supernaturally acute eyesight. (SInv)
You can survive without breathing.


Message History

The troll barely misses you.
You barely miss the troll. The troll misses you. The troll closely misses you.
The troll claws you.
You barely miss the troll. The troll bites you but does no damage.
The troll claws you but does no damage. x2
You closely miss the troll. The troll bites you. The troll closely misses you.
The troll misses you.
You slash the troll! Your bite misses the troll.
The troll is moderately wounded.
The troll bites you but does no damage. You block the troll's attack.
The troll claws you but does no damage. The troll bites you!
The troll claws you! The troll claws you but does no damage.
You slash the troll!
The troll is severely wounded.
The troll bites you!
* * * LOW HITPOINT WARNING * * *
The troll claws you!
* * * LOW HITPOINT WARNING * * *
The troll claws you.
You die...

#### ## ...############
.. #............. ####.
#............. #....###
#.###......... #......#
#.# #.........
.#......###.###...####..
....._T@..........####>.
###......#..............
#......#.#############
###....#.. #.####... #.
..... #. ###+### #.
#.....#########
#...#.#........


You could see a troll.

Vanquished Creatures
  Maurice (D:9)
  A hippogriff (D:8)
  Eustachio (D:6)
  A hungry ghost (D:6)
  A water moccasin (D:7)
  4 wargs (D:9)
  An orc warrior (D:6)
  3 sky beasts
  A phantom (D:6)
  7 ogres
  3 centaurs
  A crocodile (D:8)
  Blork the orc (D:4)
  5 bullfrogs
  6 scorpions
  A howler monkey (D:5)
  2 centaur zombies
  A crimson imp (D:3)
  A hound (D:7)
  4 bullfrog zombies
  3 jellies
  2 orc priests (D:6)
  A bullfrog skeleton (D:6)
  A gnoll shaman (D:8)
  8 worker ants
  An iguana (D:8)
  2 orc wizards (D:6)
  A killer bee zombie (D:8)
  2 hound skeletons
  7 gnolls
  13 adders
  2 shadow imps
  An adder zombie (D:5)
  4 worms
  2 dart slugs
  14 leopard geckos
  13 orcs
  3 ball pythons
  10 giant cockroaches
  5 goblins
  9 hobgoblins
  13 jackals (D:3)
  3 kobolds
  3 quokkas
  3 bats
  3 frilled lizards
  A quokka skeleton (D:8)
  7 rats
183 creatures vanquished.

Notes
Turn   | Place    | Note
-------+----------+-------------------------------------------
     0 | D:1      | shmeve the Vampire Berserker began the quest for the Orb.
     0 | D:1      | Reached XP level 1. HP: 17/17 MP: 1/1
    94 | D:1      | Reached skill level 1 in Shields
    96 | D:1      | Reached XP level 2. HP: 5/23 MP: 2/2
   803 | D:2      | Reached XP level 3. HP: 28/28 MP: 3/3
   871 | D:2      | Found an opulent altar of Gozag.
   879 | D:2      | Found a blossoming altar of Fedhas.
   886 | D:2      | Found a hide-covered altar of Uskayaw.
   889 | D:2      | Found a shimmering altar of Xom.
  1154 | D:2      | Found an ancient bone altar of Kikubaaqudgha.
  1155 | D:2      | Found an ornate altar of the Wu Jian Council.
  1199 | D:2      | Reached ** piety under Trog
  1593 | D:3      | You fall through a shaft!
  1636 | D:3      | Reached XP level 4. HP: 22/34 MP: 4/4
  1743 | D:3      | Reached skill level 1 in Stealth
  1840 | D:3      | Reached XP level 5. HP: 31/41 MP: 5/5
  2223 | D:4      | Noticed Blork the orc
  2230 | D:4      | Killed Blork the orc
  2230 | D:4      | Reached skill level 2 in Stealth
  2258 | D:4      | Noticed an ogre
  2266 | D:4      | Killed an ogre
  2266 | D:4      | Reached XP level 6. HP: 47/47 MP: 6/6
  2930 | D:5      | Entered Level 5 of the Dungeon
  3080 | D:5      | Reached skill level 3 in Stealth
  3080 | D:5      | Reached XP level 7. HP: 50/54 MP: 7/7
  3134 | D:5      | Reached *** piety under Trog
  3396 | D:5      | Found a staircase to the Ecumenical Temple.
  3426 | Temple   | Entered the Ecumenical Temple
  3921 | D:6      | Noticed Eustachio
  3924 | D:6      | Noticed a hungry ghost
  3940 | D:6      | Killed a hungry ghost
  3940 | D:6      | Reached skill level 4 in Stealth
  3940 | D:6      | Reached XP level 8. HP: 54/61 MP: 8/8
  3977 | D:6      | Killed Eustachio
  4221 | D:6      | Reached skill level 5 in Fighting
  4274 | D:6      | Reached skill level 5 in Axes
  4292 | D:6      | Reached skill level 5 in Shields
  4295 | D:6      | Reached skill level 5 in Stealth
  4447 | D:6      | Got a pair of ancient gloves
  4458 | D:6      | Identified the +2 pair of gloves of the Poles {*Contam
                  | +Blink rElec Stlth+} (You found it on level 6 of the
                  | Dungeon)
  4647 | D:6      | Reached **** piety under Trog
  4647 | D:6      | Reached XP level 9. HP: 24/69 MP: 9/9
  5469 | D:7      | Reached skill level 5 in Dodging
  5705 | D:7      | Reached skill level 6 in Stealth
  6603 | D:9      | Noticed Maurice
  6624 | D:9      | Killed Maurice
  6624 | D:9      | Reached XP level 10. HP: 46/77 MP: 10/10
  6741 | D:9      | Found a staircase to the Orcish Mines.
  6743 | D:9      | Reached skill level 7 in Stealth
  6759 | D:9      | Received a gift from Trog
  6958 | D:9      | Found an iron altar of Okawaru.
  6972 | D:9      | Slain by a troll

Skill      XL: |  1  2  3  4  5  6  7  8  9 10 |
---------------+-------------------------------+-----
Shields        | 1 2 3 4 5 6 |  6.8
Fighting       | 3 4 5 6 |  6.9
Axes           | 3 4 5 6 |  6.8
Stealth        | 1 2 3 4 5 6 7 |  7.3
Armour         | 2 3 4 |  4.3
Dodging        | 3 4 5 |  5.8

Action                   |  1- 3 |  4- 6 |  7- 9 | 10-12 || total
-------------------------+-------+-------+-------+-------++-------
Melee: Hand axe          |   106 |    49 |       |       ||   155
       Bite              |    12 |    21 |    38 |     4 ||    75
       War axe           |       |   149 |   350 |    44 ||   543
Invok: Berserk           |       |     1 |     8 |     1 ||    10
       Trog's Hand       |       |       |     1 |       ||     1
  Use: Scroll            |       |       |     5 |       ||     5
       Potion            |       |       |     3 |       ||     3
 Stab: Sleeping          |     1 |     1 |     9 |     2 ||    13
  Eat: Corpse            |    10 |     9 |    18 |     4 ||    41
Armor: Animal skin       |    10 |       |       |       ||    10
       Ring mail         |    30 |    86 |   137 |    20 ||   273
Dodge: Dodged            |    85 |   151 |   257 |    60 ||   553
Block: Buckler           |    18 |    45 |   109 |    23 ||   195
